 Dungeon Crawl Stone Soup version 0.24-a0-462-ge24419a6ad (webtiles) character file.

Game seed: 18071444133647184148

64 Mrkan the Chopper (level 4, 0/40 HPs)
             Began as a Hill Orc Abyssal Knight on July 2, 2019.
             Was a Follower of Lugonu.
             Slain by a kobold
             ... wielding a +2 dagger of protection
              (2 damage)
             ... on level 2 of the Dungeon.
             The game lasted 00:06:31 (1241 turns).

Mrkan the Chopper (Hill Orc Abyssal Knight)         Turns: 1241, Time: 00:06:31

Health: 0/40       AC:  6    Str: 15    XL:     4   Next: 12%
Magic:  6/6        EV: 11    Int: 12    God:    Lugonu [*.....]
Gold:   99         SH:  0    Dex: 10    Spells: 3/3 levels left

rFire    . . .     SeeInvis .   a - +1 hand axe
rCold    . . .     Gourm    .   (no shield)
rNeg     . . .     Faith    .   b - +0 leather armour
rPois    .         Spirit   .   e - +0 helmet
rElec    .         Reflect  .   h - +0 cloak
rCorr    .         Harm     .   l - +0 pair of gloves
MR       .....                  (no boots)
Stlth    +.........             (no amulet)
HPRegen  0.13/turn              (no ring)
MPRegen  0.10/turn              (no ring)

@: about to teleport
A: no striking features
a: Depart the Abyss, Renounce Religion


You were on level 2 of the Dungeon.
You worshipped Lugonu.
Lugonu was aware of your devotion.
You were not hungry.

You visited 1 branch of the dungeon, and saw 2 of its levels.
You visited the Abyss 1 time.

You collected 99 gold pieces.

Inventory:

Hand Weapons
 a - a +1 hand axe (weapon)
Missiles
 i - 71 stones (quivered)
Armour
 b - a +0 leather armour (worn)
 e - a +0 helmet (worn)
 h - a +0 cloak (worn)
 l - a +0 pair of gloves (worn)
Jewellery
 n - an uncursed amulet of faith {unknown}
 o - an uncursed amulet of faith {unknown}
Wands
 p - a wand of paralysis (9)
Scrolls
 g - 6 scrolls of identify {unknown}
 j - 3 scrolls of enchant armour {unknown}
 k - a scroll of teleportation
 m - a scroll of remove curse
Comestibles
 c - 5 rations
 f - 6 chunks of flesh


   Skills:
 + Level 4.3 Fighting
 * Level 4.4 Axes
 - Level 2.1 Armour
 - Level 0.7 Dodging
 + Level 3.4 Invocations


You had 3 spell levels left.
You didn't know any spells.
Your spell library was empty.

Dungeon Overview and Level Annotations

Branches:
Dungeon (2/15)

Altars:


Message History

A kobold comes into view.
The kobold hits you but does no damage.
You aren't carrying any potions.
Okay, then.
As you read the scroll labeled BAOGHUIKHLO, it crumbles to dust.
It is a scroll of amnesia.
You feel forgetful for a moment.
The howler monkey hits you but does no damage.
The kobold hits you with a +2 dagger of protection.
* * * LOW HITPOINT WARNING * * *
The howler monkey closely misses you.
As you read the scroll labeled MEMISO FYTRESY, it crumbles to dust.
You feel as if something is helping you.
It was a scroll of remove curse.
The kobold hits you but does no damage. The howler monkey barely misses you.
As you read the scroll labeled EKLUN OZXAE, it crumbles to dust.
You feel strangely unstable.
It was a scroll of teleportation.
The howler monkey hoots and howls with incredible vigour!
The kobold hits you with a +2 dagger of protection.
You die...

#.##.....###.....###.....##
##.###...## ##...## ##.รทรท##
###...###'#######'#######'####
....#........................#
###..........................####
####.#............K..K...........
..##.####'#######'#######+#####.#
#.##.###...## ##K).## #.#
.....##.....###.@...## #.#
#.#..#.......#..Kh...# #.#
.....#.......#.......# #.#
#.#.##.......#......^# #..
)...###.....###....(### ##.
....#.##...## ##...##.# .
##.....##### #####.## ###.#.##
#.# ......# #.#


You could see a howler monkey and 3 kobolds.

Vanquished Creatures
  2 adders (D:2)
  An ooze (D:2)
  2 worms (D:2)
  3 dart slugs
  2 leopard geckos (D:1)
  A giant cockroach (D:1)
  A goblin (D:1)
  7 hobgoblins
  A quokka (D:2)
  2 bats (D:2)
  2 frilled lizards (D:1)
  3 kobolds
  3 rats (D:2)
30 creatures vanquished.

Notes
Turn   | Place    | Note
-------+----------+-------------------------------------------
     0 | Abyss:1  | Mrkan the Hill Orc Abyssal Knight began the quest for the
                  | Orb.
     0 | Abyss:1  | Reached XP level 1. HP: 19/19 MP: 2/2
    19 | Abyss:1  | Noticed a tentacled starspawn
    24 | D:1      | Escaped the Abyss
   380 | D:1      | Reached XP level 2. HP: 6/27 MP: 4/4
   652 | D:1      | Reached * piety under Lugonu
   962 | D:2      | Reached XP level 3. HP: 33/33 MP: 5/5
  1082 | D:2      | Reached XP level 4. HP: 21/40 MP: 6/6
  1236 | D:2      | HP: 2/40 [kobold/+2 dagger of protection (3)]
  1241 | D:2      | Slain by a kobold

Levels and vault maps discovered:
D:1:      dpeg_arrival_fog, layout_basic
D:2:      kennysheep_six_static_rooms, layout_loops_ring, serial_glass,
          glass_columns_c, glass_columns_a, glass_columns_a, glass_columns_b,
          glass_columns_b, glass_columns_b, due_unseen_surprise,
          item_on_display_a, item_on_display_a, minmay_strange_pillars

Skill      XL: |  1  2  3 |
---------------+----------+-----
Axes           | 3 4 |  4.4
Fighting       | 4 |  4.3
Invocations    | 3 |  3.4
Armour         | |  2.1
Dodging        | |  0.7

Action                   |  1- 3 |  4- 6 || total
-------------------------+-------+-------++-------
Melee: Hand axe          |    80 |    27 ||   107
Invok: Depart the Abyss  |     1 |       ||     1
  Use: Scroll            |       |     3 ||     3
  Eat: Chunk             |     1 |       ||     1
Armor: Leather armour    |    21 |    17 ||    38
Dodge: Dodged            |    48 |    19 ||    67

Table legend:
 A = Non-vault XP
 B = Vault XP
 C = Vault XP percentage of total XP
 D = Non-vault monster count
 E = Vault monster count
 F = Vault count percentage of total count
                 A         B        C        D         E       F
            +---------+---------+-------+---------+---------+-------
      Total |      65 |      27 |  29.3 |      25 |       5 |  16.7
            +---------+---------+-------+---------+---------+-------
        D:1 |      29 |       0 |   0.0 |      14 |       0 |   0.0
        D:2 |      36 |      27 |  42.9 |      11 |       5 |  31.2
            +---------+---------+-------+---------+---------+-------
